 Dungeon Crawl Stone Soup version 0.31-a0-986-g5e6e4ef867 (webtiles) character file.

Game seed: 2046309068343328178

253 gelatine the Covered (level 5, -2/42 HPs)
             Began as a Demonspawn Fighter on Nov 22, 2023.
             Slain by an orc
             ... wielding a +0 hand axe
              (4 damage)
             ... on level 3 of the Dungeon.
             The game lasted 00:05:34 (2148 turns).

gelatine the Covered (Demonspawn Fighter)           Turns: 2148, Time: 00:05:34

Health: -2/42      AC:  5    Str: 25    XL:     5   Next: 90%
Magic:  1/1        EV: 10    Int:  9    God:
Gold:   197        SH:  4    Dex: 12    Spells: 4/4 levels left

rFire   . . .        l - +1 hand axe (antimagic)
rCold   . . .        c - +0 buckler
rNeg    . . .        i - +0 ring mail
rPois   .            (no helmet)
rElec   .            (no cloak)
rCorr   .            (no gloves)
SInv    .            (no boots)
Will    .....        e - amulet of magic regeneration
Stlth   +            n - +6 ring of strength
HPRegen 0.27/turn    (no ring)
MPRegen 0.47/turn

%: no passive effects
@: no status effects
A: ignite blood 1
a: no special abilities


You were on level 3 of the Dungeon.
You visited 1 branch of the dungeon, and saw 4 of its levels.

You collected 197 gold pieces.

Inventory:

Hand Weapons
 a - a +0 war axe
 l - a +1 antimagic hand axe (weapon)
Missiles
 g - 2 poisoned darts (quivered)
Armour
 b - a +0 scale mail
 c - a +0 buckler (worn)
 i - a +0 ring mail (worn)
Magical Staves
 u - a staff of fire
Jewellery
 e - an amulet of magic regeneration (around neck)
 n - a +6 ring of strength (left hand)
 w - a +4 ring of protection
Scrolls
 k - 5 scrolls of identify {unknown}
 m - a scroll of fear {unknown}
 q - a scroll of immolation {unknown}
 r - 2 scrolls of fog {unknown}
 s - 2 scrolls of revelation {unknown}
Potions
 d - a potion of might
 f - 2 potions of brilliance {unknown}
 h - 3 potions of ambrosia {unknown}
 j - a potion of heal wounds {unknown}
 o - a potion of enlightenment {unknown}
 p - 3 potions of curing {unknown}
 t - a potion of magic {unknown}
 v - a potion of cancellation {unknown}


   Skills:
 + Level 3.7 Fighting
 + Level 3.5 Axes
 + Level 0.3 Throwing
 + Level 3.9 Armour
 + Level 1.0 Dodging
 + Level 3.3 Shields


You had 4 spell levels left.
You didn't know any spells.
Your spell library contained the following spells:

 Spells                   Type           Power      Damage    Failure   Level
 Magic Dart               Conj           0%         1d3       58%         1
 Necrotise                Necr           0%         1d4       58%         1
 Blink                    Tloc           0%         N/A       73%         2
 Call Imp                 Summ           0%         N/A       73%         2
 Lesser Beckoning         Tloc           0%         N/A       73%         2
 Momentum Strike          Conj/Tloc      0%         3d8       73%         2
 Mephitic Cloud           Conj/Pois/Air  0%         N/A       91%         3
 Tukima's Dance           Hex            0%         N/A       91%         3
 Vampiric Draining        Necr           0%         2d6       91%         3
 Dimensional Bullseye     Hex/Tloc       0%         N/A       100%        4
 Iskenderun's Mystic Bla  Conj/Tloc      0%         2d3       100%        4
 Agony                    Necr           0%         N/A       100%        5


Dungeon Overview and Level Annotations

Branches:
Dungeon (4/15)
 Temple: D:4-7

Altars:
Wu Jian


Innate Abilities, Weirdness & Mutations

Your demonic aura sometimes causes spilled blood to erupt in flames.


Message History

You hear some strange, mumbled words.
A magic dart appears from out of thin air!
The magic dart hits you.
* * * LOW HITPOINT WARNING * * *
The orc loudly yells encouragement to no one in particular.
You block the orc's attack. Something hits you.
* * * LOW HITPOINT WARNING * * *
The orc hits you but does no damage.
You climb upwards.
Reactivating autopickup.
There is a stone staircase leading down here.
You hit the orc.
The orc is moderately wounded.
You barely miss the orc. You completely miss something. You hit the orc.
You kill the orc!
The orc hits you but does no damage. Something hits you.
* * * LOW HITPOINT WARNING * * *
Deactivating autopickup; reactivate with Ctrl-A.
The orc hits you with a +0 whip.
* * * LOW HITPOINT WARNING * * *
You hit the orc.
The orc is heavily wounded.
You barely miss the orc. You closely miss something.
The orc hits you with a +0 hand axe.
* * * LOW HITPOINT WARNING * * *
Something completely misses you. The orc hits you with a +0 whip.
* * * LOW HITPOINT WARNING * * *
You hit the orc.
You kill the orc!
You hit the orc but do no damage. You barely miss something.
The orc hits you but does no damage. Something hits you but does no damage.
You hit the orc.
The orc is heavily wounded.
You closely miss something. You block the orc's attack. Something hits you.
* * * LOW HITPOINT WARNING * * *
You hit the orc.
The orc is severely wounded.
You closely miss something. The orc hits you with a +0 hand axe.
You die...

.♣.................(...#
.P...........♣♣♣♣♣♣♣♣♣##
P............#
............##
...#...#...##
......###### ...÷#######
.....)....# ###########
..........###...@o....#
...............)).....#
....>.....###.........#
..........# ##.÷.######
P.........# #.###
P.....##♣.♣###.#
..#####.♣.♣....# .##
#.♣.♣...## ..# #.♣.♣...#


You could see an orc.

Vanquished Creatures
  A phantom (D:3)
  A bullfrog zombie (D:4)
  Jessica (D:3)
  A scorpion zombie (D:4)
  A howler monkey zombie (D:4)
  2 adders (D:2)
  3 dart slugs
  3 orcs (D:3)
  2 ball pythons
  3 bats
  An endoplasm (D:2)
  6 giant cockroaches
  7 goblins
  10 hobgoblins
  3 jackals (D:3)
  A kobold (D:1)
  3 quokkas
  3 frilled lizards (D:3)
  4 rats
56 creatures vanquished.

Notes
Turn   | Place    | Note
-------+----------+-------------------------------------------
     0 | D:1      | gelatine the Demonspawn Fighter began the quest for the
                  | Orb.
     0 | D:1      | Reached XP level 1. HP: 18/18 MP: 1/1
   280 | D:1      | Gained mutation: Your demonic aura sometimes causes spilled
                  | blood to erupt in flames. [demonic ancestry]
   280 | D:1      | Reached XP level 2. HP: 24/24 MP: 2/2
   924 | D:2      | Reached XP level 3. HP: 26/29 MP: 1/3
  1364 | D:3      | Noticed Jessica
  1372 | D:3      | Killed Jessica
  1373 | D:3      | Reached XP level 4. HP: 33/35 MP: 1/4
  1668 | D:3      | Found a faded altar of an unknown god.
  1828 | D:3      | Found an ornate altar of the Wu Jian Council.
  1950 | D:4      | Noticed a phantom
  1982 | D:3      | Killed a phantom
  1983 | D:3      | Reached XP level 5. HP: 21/41 MP: 1/5
  2128 | D:4      | Reached skill level 1 in Dodging
  2145 | D:3      | HP: 2/42 [orc/+0 whip (3)]
  2148 | D:3      | Slain by an orc

Illustrated notes

Levels and vault maps discovered:
D:1:      dpeg_chamrin_arrival_tetris, layout_loops_ring,
          kennysheep_small_spiral
D:2:      layout_basic, minmay_tromino_v7
D:3:      layout_rooms, general_overflow_altar,
          chequers_ecumenical_altar_island, serial_forest,
          infiniplex_forest_zigzag_2, infiniplex_forest_clump_tiny,
          infiniplex_forest_clump_double, infiniplex_forest_straight_3,
          infiniplex_forest_straight_2, infiniplex_forest_clump_large,
          infiniplex_forest_straight_2, infiniplex_forest_straight_3,
          uniq_jessica
D:4:      layout_rooms, ashenzari_conservatory_becter,
          minmay_temple_entry_statues_pillars, serial_undead, serial_undead_c,
          serial_undead_d, serial_undead_e, serial_undead_f, serial_undead_e,
          uniq_blork_the_orc

Skill      XL: |  1  2  3  4  5 |
---------------+----------------+-----
Armour         | 3 |  3.9
Shields        | 3 |  3.3
Axes           | 2 3 |  3.5
Dodging        | 1 |  1.0
Fighting       | |  3.7
Throwing       | |  0.3

Action                     |  1- 3 |  4- 6 || total
---------------------------+-------+-------++-------
  Melee: War axe           |    11 |       ||    11
         Hand axe          |    47 |   118 ||   165
  Throw: Dart              |     3 |     3 ||     6
 Armour: Scale mail        |     5 |       ||     5
         Ring mail         |    26 |    79 ||   105
  Dodge: Dodged            |    27 |    56 ||    83
  Block: Buckler           |    13 |    30 ||    43

Table legend: (Time is in decaauts)
 A = Elapsed time spent in this place.
 B = Non-inter-level travel time spent in this place.
 C = Inter-level travel time spent in this place.
 D = Time resting spent in this place.
 E = Time spent auto-exploring this place.
 F = Levels seen in this place.
 G = Mean time per level.
                   A        B        C        D        E       F      G
               +--------+--------+--------+--------+--------+-----+--------+
         Total |   2192 |   2051 |    141 |      0 |   1480 |   4 |  548.0 |
       Dungeon |   2192 |   2051 |    141 |      0 |   1480 |   4 |  548.0 |
               +--------+--------+--------+--------+--------+-----+--------+

Top non-repeatable levels by time:
     D:1: 860 daAuts
     D:3: 709 daAuts
     D:2: 517 daAuts
     D:4: 103 daAuts
